 Dungeon Crawl Stone Soup version 0.14.2 (webtiles) character file.

412 zordkkahn the Practitioner (level 6, 0/50 HPs)
             Began as a Hill Orc Healer on Feb 26, 2016.
             Was a Believer of Elyvilon.
             Succumbed to a worker ant's poison
             ... on Level 4 of the Dungeon.
             The game lasted 00:24:22 (7399 turns).

zordkkahn the Practitioner (Hill Orc Healer)        Turns: 7399, Time: 00:24:22

HP   0/50        AC  4     Str 15      XL: 6   Next: 41%
MP   9/14        EV 12     Int 14      God: Elyvilon [**....]
Gold 102         SH  0     Dex 10      Spells:  0 memorised,  5 levels left

rFire  . . .     SeeInvis .     r - +1,+0 hand axe
rCold  . . .     Clarity  .     a - +1 robe
rNeg   . . .     Conserve .     (no shield)
rPois  .         rCorr    .     (no helmet)
rElec  .         rRot     .     (no cloak)
SustAb . .       Spirit   .     t - +0 pair of gloves
rMut   .         Warding  .     (no boots)
Saprov + . .     Stasis   .     (no amulet)
MR     .....                    (no ring)
                                (no ring)

@: lethally poisoned, not resistant to hostile enchantments, unstealthy
A: saprovore 1
a: Lesser Healing, Lesser Self-Healing, Divine Protection, Purification,
Renounce Religion


You were on level 4 of the Dungeon.
You worshipped Elyvilon.
Elyvilon was pleased with you.
You were full.

You visited 1 branch of the dungeon, and saw 4 of its levels.

You collected 102 gold pieces.

Inventory:

Hand weapons
 e - a +1,+0 dagger
 j - a +0,+0 mace
 n - a +1,+0 whip
 o - a +2,+4 dagger
 r - a +1,+0 hand axe (weapon)
 v - a +0,+0 mace
Missiles
 i - 21 sling bullets
 s - 19 stones (quivered)
Armour
 a - a +1 robe (worn)
 g - a +2 robe of positive energy
 t - a +0 pair of gloves (worn)
 B - a +3 ring mail
Comestibles
 d - a meat ration
 f - 3 bread rations
Scrolls
 u - 2 scrolls of random uselessness
Jewellery
 b - an uncursed ring of protection from cold {unknown}
Potions
 h - a potion of resistance {unknown}
 k - a potion of might {unknown}
 q - a potion of porridge
 z - a potion of restore abilities
 A - a potion of paralysis {unknown}


   Skills:
 - Level 2.5 Fighting
 * Level 3.2 Axes
 - Level 2.1 Maces & Flails
 + Level 1.0 Throwing
 - Level 1.5 Dodging
 - Level 1.2 Stealth
 + Level 6.8 Invocations


You had 5 spell levels left.
You didn't know any spells.

Dungeon Overview and Level Annotations

Branches:
Dungeon (4/15)
 Temple: D:4-7

Altars:
Kikubaaqudgha
Trog
Xom
Yredelemnul


Innate Abilities, Weirdness & Mutations

You can tolerate rotten meat.


Message History

You finish eating.
That meat ration really hit the spot!
Throwing (i - inventory):
s - 20 stones (quivered)
Press: ? - help, Shift-Dir - straight line, f/p - worker ant
Aim: a worker ant You throw a stone.
The stone misses the worker ant.
You feel sick.
You feel sick.
You feel sick. The worker ant closely misses you. The worker ant bites you.
* * * LOW HITPOINT WARNING * * *
* * * LOW HITPOINT WARNING * * *
You feel sick.
The worker ant bites you but does no damage.
* * * LOW HITPOINT WARNING * * *
You feel sick.
* * * LOW HITPOINT WARNING * * *
You feel sick. The worker ant bites you.
* * * LOW HITPOINT WARNING * * *
You are more poisoned.
The worker ant poisons you!
You die...

#....#.# #.#####
#....#.# #.#...
#....#.###.#.##########
#..............(.......
#....#.###.#.##........
#....#.# #.#.##........
#....#.###.#.##........
#..(.#.....#.##..%a....
#.....@#####.##........
###....# ..+........
#..a.# ###........
#....# #........ #....#
##.###### #....# #.
#....# ## #....# ######


You could see a worker ant.

Vanquished Creatures
  The ghost of dertzug the Skirmisher, an average DsBe of Trog (D:3)
  A centaur zombie (D:4)
  An iguana (D:4)
  A worker ant (D:4)
  A hound skeleton (D:4)
  A giant mite (D:4)
  A worm (D:3)
  An adder skeleton (D:4)
  A giant eyeball (D:4)
  2 giant geckos
  A ball python (D:3)
  3 giant cockroaches
  12 hobgoblins
  6 jackals (D:2)
  7 kobolds
  4 quokkas
  4 bats
  3 giant newts (D:2)
  9 goblins
  15 rats
75 creatures vanquished.

Vanquished Creatures (others)
  An orc (D:3)
  A jackal (D:2)
  A bat (D:1)
3 creatures vanquished.

Grand Total: 78 creatures vanquished

Notes
Turn   | Place    | Note
--------------------------------------------------------------
     0 | D:1      | zordkkahn, the Hill Orc Healer, began the quest for the Orb.
     0 | D:1      | Reached XP level 1. HP: 16/16 MP: 2/2
   398 | D:1      | Reached skill level 4 in Invocations
   814 | D:1      | Reached XP level 2. HP: 23/23 MP: 4/4
  1906 | D:1      | Reached XP level 3. HP: 28/28 MP: 6/6
  2158 | D:2      | Reached skill level 5 in Invocations
  2424 | D:2      | Found an ancient bone altar of Kikubaaqudgha.
  2647 | D:2      | Found a bloodstained altar of Trog.
  3346 | D:2      | Reached XP level 4. HP: 36/36 MP: 8/8
  4098 | D:2      | Found a basalt altar of Yredelemnul.
  4660 | D:3      | Reached skill level 1 in Maces & Flails
  5036 | D:3      | Noticed dertzug's ghost (average DsBe)
  5085 | D:3      | Killed dertzug's ghost
  5085 | D:3      | Reached skill level 1 in Stealth
  5085 | D:3      | Reached skill level 6 in Invocations
  5085 | D:3      | Reached XP level 5. HP: 40/42 MP: 9/11
  5503 | D:3      | Reached skill level 1 in Axes
  6347 | D:4      | Reached XP level 6. HP: 27/50 MP: 12/14
  6787 | D:4      | Found a shimmering altar of Xom.
  6787 | D:4      | Found a shimmering altar of Xom.
  6855 | D:4      | Paralysed by a giant eyeball for 4 turns
  7154 | D:4      | Reached skill level 1 in Throwing
  7398 | D:4      | HP: 2/50 [worker ant (4)]
  7399 | D:4      | Succumbed to a worker ant's poison

Action                   |  1- 3 |  4- 6 || total
-------------------------+-------+-------++-------
Melee: Dagger            |    61 |       ||    61
       Whip              |   168 |   110 ||   278
       Hand axe          |       |   163 ||   163
Throw: Dart              |       |     3 ||     3
       Stone             |       |    13 ||    13
Invok: Lesser Healing    |     7 |    16 ||    23
       Lesser Self-Heali |     2 |    14 ||    16
       Divine Protection |       |     1 ||     1
  Use: Scroll            |     4 |     8 ||    12
       Potion            |     1 |     6 ||     7
 Stab: Invisible         |       |     2 ||     2
       Sleeping          |       |     2 ||     2
